 Dungeon Crawl Stone Soup version 0.31-a0-1603-gbec6b6ccbf (webtiles) character file.

Game seed: 7614890043811340196

1 grandjackal the Chopper (level 1, 0/16 HPs)
             Began as a Demonspawn Gladiator on Jan 8, 2024.
             Slain by a giant cockroach (1 damage)
             ... on level 1 of the Dungeon.
             The game lasted 00:00:11 (65 turns).

grandjackal the Chopper (Demonspawn Gladiator)        Turns: 65, Time: 00:00:12

Health: 0/16       AC:  4    Str: 14    XL:     1   Next: 16%
Magic:  1/1        EV: 12    Int:  8    God:
Gold:   8          SH:  0    Dex: 14    Spells: 0/0 levels left

rFire   . . .        a - +0 war axe
rCold   . . .        (no shield)
rNeg    . . .        b - +0 leather armour
rPois   .            c - +0 helmet
rElec   .            (no cloak)
rCorr   .            (no gloves)
SInv    .            (no boots)
Will    .....        (no amulet)
Stlth   +            (no ring)
HPRegen 0.22/turn    (no ring)
MPRegen 0.07/turn

%: no passive effects
@: lethally poisoned (0 -> -6)
A: no striking features
a: no special abilities


You were on level 1 of the Dungeon.
You visited 1 branch of the dungeon, and saw 1 of its levels.

You collected 8 gold pieces.

Inventory:

Hand Weapons
 a - a +0 war axe (weapon)
Missiles
 d - 3 throwing nets (quivered)
 e - a javelin
Armour
 b - a +0 leather armour (worn)
 c - a +0 helmet (worn)


   Skills:
 + Level 2.0 Fighting
 + Level 2.7 Axes
 + Level 1.8 Throwing
 + Level 2.7 Dodging


You couldn't memorise any spells.
You didn't know any spells.
Your spell library was empty.

Dungeon Overview and Level Annotations

Branches:
Dungeon (1/15)

Altars:


Message History

You slash the fungus!
A nearby fungus withers and dies.
You hit the fungus.
The fungus is lightly damaged.
A nearby fungus withers and dies.
You see here a dragon-blood talisman.
f - a dragon-blood talisman You drop a dragon-blood talisman.
A kobold comes into view.
It is wielding a +0 short sword of venom.
The kobold shouts!
The kobold throws a stone.
The stone barely misses you.
A kobold is nearby!
A kobold is nearby!
No target in view!
No target in view!
No target in view!
A giant cockroach comes into view.
The kobold hits you with a +0 short sword of venom.
You barely miss the kobold. The kobold hits you but does no damage.
You are poisoned.
You hit the kobold but do no damage.
You feel very sick.
The kobold hits you with a +0 short sword of venom.
You are lethally poisoned!
The kobold misses you.
You hit the kobold.
The kobold is moderately wounded.
You feel very sick. The kobold hits you but does no damage.
The giant cockroach bites you but does no damage.
You are too injured to fight recklessly!
You hit the kobold.
You kill the kobold!
You closely miss the giant cockroach.
* * * LOW HITPOINT WARNING * * *
You feel very sick. The giant cockroach misses you.
* * * LOW HITPOINT WARNING * * *
You feel sick. The giant cockroach barely misses you.
The giant cockroach bites you.
You die...

.. .... #...####
####.####.. .#......##
....... ... >.........
#...... #.# ########..
#...... #.#### ###....
#......##....#####.....#
..........##..##......##
......B.#.###.........##
.......@#.# #####..P....
.###....#.# ###.......
#....#.# ##%..~.....
#....### #.~.~~..P..
#....# #~#P~..~~.~
#....# #≈#....~.~~
#....# ##...P~.P.~
#....# ##~.~......~
#.~.P.~...~.


You could see a giant cockroach.

Vanquished Creatures
  A kobold (D:1)
1 creature vanquished.

Notes
Turn   | Place    | Note
-------+----------+-------------------------------------------
     0 | D:1      | grandjackal the Demonspawn Gladiator began the quest for
                  | the Orb.
     0 | D:1      | Reached XP level 1. HP: 16/16 MP: 1/1
    65 | D:1      | Slain by a giant cockroach

Illustrated notes

Levels and vault maps discovered:
D:1:      lemuel_arrival_muddy, layout_basic, minivault_23, st_stairs_2,
          minmay_misc_feat_doors

Action                     || total
---------------------------++-------
  Melee: War axe           ||     8
         Punch             ||     1
 Armour: Leather armour    ||     6
  Dodge: Dodged            ||     4

Table legend: (Time is in decaauts)
 A = Elapsed time spent in this place.
 B = Non-inter-level travel time spent in this place.
 C = Inter-level travel time spent in this place.
 D = Time resting spent in this place.
 E = Time spent auto-exploring this place.
 F = Levels seen in this place.
 G = Mean time per level.
                   A        B        C        D        E       F      G
               +--------+--------+--------+--------+--------+-----+--------+
         Total |     69 |     69 |      0 |      0 |     40 |   1 |   69.0 |
       Dungeon |     69 |     69 |      0 |      0 |     40 |   1 |   69.0 |
               +--------+--------+--------+--------+--------+-----+--------+

Top non-repeatable levels by time:
     D:1: 69 daAuts
